 Dungeon Crawl Stone Soup version 0.21-a0-88-g13b9641 (webtiles) character file.

23 MackTheKnife the Caller (level 2, -2/23 HPs)
             Began as a Demonspawn Wanderer on June 27, 2017.
             Slain by Natasha (6 damage)
             ... on level 2 of the Dungeon.
             The game lasted 00:02:37 (1813 turns).

MackTheKnife the Caller (Demonspawn Wanderer)       Turns: 1813, Time: 00:02:37

Health: -2/23      AC:  5    Str: 13    XL:     2   Next: 75%
Magic:  5/5        EV:  6    Int: 11    God:
Gold:   50         SH: 11    Dex: 15    Spells: 5/5 levels left

rFire    . . .     SeeInvis .   m - +0 short sword
rCold    . . .     Gourm    .   c - +0 large shield
rNeg     . . .     Faith    .   d - +0 robe
rPois    .         Spirit   .   (helmet restricted)
rElec    .         Reflect  .   k - +0 cloak
rCorr    .         Harm     .   (no gloves)
MR       .....                  (no boots)
Stlth    ++........             (no amulet)
HPRegen  0.07/turn              (no ring)
MPRegen  0.09/turn              (no ring)

@: slowed, very slow
A: antennae 1, slimy green scales 1, agile 1
a: no special abilities


You were on level 2 of the Dungeon.
You were not hungry.

You visited 1 branch of the dungeon, and saw 2 of its levels.

You collected 50 gold pieces.

Inventory:

Hand Weapons
 m - a +0 short sword (weapon)
   (You took it off a kobold on level 1 of the Dungeon)
Armour
 c - a +0 large shield (worn)
   (You found it on level 2 of the Dungeon)
 d - a +0 robe (worn)
 k - a +0 cloak (worn)
   (You found it on level 1 of the Dungeon)
Scrolls
 g - a scroll of identify
Books
 a - a book of Battle
 b - the Disquisition on Air

   Spells                             Type                      Level
   a - Swiftness                      Charms/Air                   2
   b - Poisonous Vapours              Poison/Air                   2
Comestibles
 f - 2 bread rations {@e1}
 h - a chunk of flesh {@w0}
 j - a meat ration {@e2}


   Skills:
 + Level 2.4 Fighting
 - Level 1.0 Stealth
 - Level 1.0 Shields
 - Level 2.0 Spellcasting
   Level 1.0 Conjurations
   Level 1.7 Charms
   Level 3.0 Summonings


You had 5 spell levels left.
You didn't know any spells.

Dungeon Overview and Level Annotations

Branches:
Dungeon (2/15)

Altars:

Annotations:
D:2 Natasha


Innate Abilities, Weirdness & Mutations

You are partially covered in slimy green scales. (AC +2)
You have a pair of small antennae on your head.
You are agile. (Dex +2)


Message History

You start resting.
You feel yourself slow down.
You start resting.
You are feeling very hungry.
You regained 6 hp, and now have 9/23 hp.
You start resting.
You are near starving!
You regained 12 hp, and now have 21/23 hp.
There is an open door here.
There is an open door here.
There is a stone staircase leading down here.
Health restored: 23 You climb downwards.
Level annotation: Natasha
There is a stone staircase leading up here.
Found a stone staircase leading down.
The ball python hisses angrily.
You see here a large shield.
c - a large shield Wear which item? (? for menu, Esc to quit)
Okay, then.
The ball python completely misses you. The ball python grabs you.
The ball python constricts you. The ball python completely misses you.
The ball python constricts you.
You take 1 damage, and have 22/23 hp.
You closely miss the ball python.
The ball python bites you but does no damage.
The ball python constricts you.
You closely miss the ball python. The ball python closely misses you.
The ball python constricts you.
You hit the ball python.
You kill the ball python!
There is a stone staircase leading up here.
You see here a ball python corpse.
You butcher the ball python corpse.
h - 3 chunks of flesh {@w0}
There is a stone staircase leading up, spattered with blood here.
Health restored: 23 Eating one of 3 chunks of flesh {@w0}.
You eat one of the 3 chunks of flesh {@w0}.
You are feeling hungry.
Eating one of 2 chunks of flesh {@w0}.
You eat one of the 2 chunks of flesh {@w0}.
Wear which item? (? for menu, Esc to quit)
You start putting on your armour.
You continue putting on your large shield. x4
You finish putting on your +0 large shield.
An adder is nearby!
An adder is nearby!
Natasha hisses.
Natasha hisses.
Natasha casts a spell at you.
You feel yourself slow down.
The leopard gecko hisses angrily.
Your shield prevents you from hitting Natasha.
You hear an angry hiss.
Natasha claws you! x2
You take 15 damage, and have 8/23 hp.
MASSIVE DAMAGE!!
You aren't carrying any potions.
Unknown command.
Unknown command.
As you read the scroll labeled HOUG FACAFRAJ, it crumbles to dust.
You hear a loud clanging noise!
It was a scroll of noise.
You hear a shout!
You hear an angry hiss.
You hear a shout! x6
You hear an angry hiss.
You hear a shout! x11
You block Natasha's attack.
As you read the scroll labeled ZUHIHE KOLEI, it crumbles to dust.
You feel blessed for a moment.
It was a scroll of remove curse.
Natasha casts a spell at you. You resist with significant effort.
You block Natasha's attack.
You hit Natasha.
Natasha wildly gestures.
Natasha shimmers violently.
Natasha claws you. Natasha claws you but does no damage.
You take 1 damage, and have 7/23 hp.
You hit Natasha. Natasha barely misses you.
You hit Natasha. You block Natasha's attack.
Natasha claws you but does no damage.
You hit Natasha but do no damage. Natasha claws you but does no damage.
You block Natasha's attack.
A kobold comes into view. It is wielding a short sword.
You closely miss Natasha. Natasha casts a spell at you.
The magic dart hits you!
* * * LOW HITPOINT WARNING * * *
Natasha howls an incantation.
Natasha's front paws start to glow.
Natasha mumbles some strange words.
The kobold shouts!
An adder comes into view.
You take 4 damage, and have 4/23 hp.
You barely miss Natasha.
The adder hisses angrily.
You block Natasha's attack.
The crimson imp grinds its teeth.
The crimson imp blinks!
Natasha claws you.
You die...

..# ......( .# # ..# .....
.#.# # ## ..# ...##.#.#.#
#.### ..# ## #.#......#
#>...#..###.. #.<......#
#.......#.... ##..####..
###............ ##..#
.......<.....K######...#
......Sl....Slh@..#..#.###
####........ยง####.........#
###...S..#......{.####.###
#....h..........>.# .#
#.......?#......... ..
###$.#####.#.#####?. ...
#.$#####.... ### #..........
###.h..#...


You could see Natasha, an adder, a leopard gecko and a kobold.

Vanquished Creatures
  3 dart slugs (D:1)
  A ball python (D:2)
  2 bats (D:1)
  A giant cockroach (D:1)
  A goblin (D:1)
  3 hobgoblins (D:1)
  A frilled lizard (D:1)
  3 kobolds (D:1)
  3 rats (D:1)
18 creatures vanquished.

Notes
Turn   | Place    | Note
-------+----------+-------------------------------------------
     0 | D:1      | MackTheKnife the Demonspawn Wanderer began the quest for the Orb.
     0 | D:1      | MackTheKnife set off with: a book of Battle, the Disquisition on Air, a potion of lignification {!q}, a +0 robe, a +0 club, a bread ration {@e1}
     0 | D:1      | Reached XP level 1. HP: 13/13 MP: 3/3
     0 | D:1      | Identified the Disquisition on Air
    81 | D:1      | HP: 2/14 [goblin/dagger (2)]
    84 | D:1      | Reached skill level 1 in Fighting
   485 | D:1      | HP: 3/15 [dart slug/slug dart (3)]
   525 | D:2      | Noticed Natasha
   529 | D:2      | HP: 3/15 [rat (2)]
   548 | D:1      | Gained mutation: You are partially covered in slimy green scales. (AC +2) [demonic ancestry]
   548 | D:1      | Reached XP level 2. HP: 7/22 MP: 5/5
   942 | D:1      | Reached skill level 2 in Fighting
  1425 | D:2      | Gained mutation: You have a pair of small antennae on your head. [potion of mutation]
  1425 | D:2      | Gained mutation: You are agile. (Dex +2) [potion of mutation]
  1427 | D:2      | HP: 5/22 [adder (1)]
  1434 | D:2      | HP: 5/22 [adder (5)]
  1463 | D:1      | HP: 2/22 [dart slug/slug dart (3)]
  1812 | D:2      | HP: 4/23 [Natasha/magic dart (4)]
  1813 | D:2      | Noticed a crimson imp
  1813 | D:2      | Slain by Natasha

Vault maps used:
D:1:      roderic_crossed_star
D:2:      grunt_gozag_statues, uniq_natasha, uniq_robin

Skill      XL: |  1  2 |
---------------+-------+-----
Fighting       | 1 2 |  2.4
Stealth        | |  1.0
Shields        | |  1.0
Spellcasting   | |  2.0
Conjurations   | |  1.0
Charms         | |  1.7
Summonings     | |  3.0

Action                   || total
-------------------------++-------
Melee: Dagger            ||    58
       Club              ||    10
       Short sword       ||    30
  Use: Potion            ||     5
       Scroll            ||     3
  Eat: Chunk             ||     3
Armor: Skin              ||    16
       Robe              ||    23
Dodge: Dodged            ||    47
Block: Large shield      ||     5

Vault maps used:
D:1:      roderic_crossed_star
D:2:      grunt_gozag_statues, uniq_natasha, uniq_robin

Table legend:
 A = Turns spent in this place as a percentage of turns spent in the entire game.
 B = Non-inter-level travel turns spent in this place as a percentage of non-inter-level travel turns spent in the entire game.
 C = Inter-level travel turns spent in this place as a percentage of turns spent in this place.
 D = Turns resting spent in this place as a percentage of non-inter-level travel turns spent in this place.
 E = Turns spent auto-exploring this place as a percentage of non-inter-level travel turns spent in this place.
 F = Non-inter-level travel turns spent in this place divided by the number of levels of this place that you've seen.
                   A       B       C       D       E      F
               +-------+-------+-------+-------+-------+----------------------
         Total | 100.0 | 100.0 |   0.8 |   3.9 |   6.5 | 192.5
       Dungeon | 100.0 | 100.0 |   0.8 |   3.9 |   6.5 | 192.5
               +-------+-------+-------+-------+-------+----------------------

Table legend:
 A = Kills in this place as a percentage of kills in entire the game.
 B = Kills by you in this place as a percentage of kills by you in the entire game.
 C = Kills by friends in this place as a percentage of kills by friends in the entire game.
 D = Other kills in this place as a percentage of other kills in the entire game.
 E = Experience gained in this place as a percentage of experience gained in the entire game.
 F = Experience gained in this place divided by the number of levels of this place that you have seen.
                   A       B       C       D       E      F
               +-------+-------+-------+-------+-------+----------------------
         Total | 100.0 | 100.0 |  -nan |  -nan | 100.0 |  17.0
       Dungeon | 100.0 | 100.0 |  -nan |  -nan | 100.0 |  17.0
               +-------+-------+-------+-------+-------+----------------------
